| TOP OF THE 1ST |
|
Sioux Falls Packers batting - Pitching for St. Cloud Rox : RHP Marcos Cortez
|
|
Pitching: RHP Marcos Cortez
|
|
|
Batting: LHB Reggie West
|
0-0: Called Strike 0-1: Called Strike 0-2: Foul Ball, location: 2F 0-2: Foul Ball, location: 2F 0-2: Ground out 6-3 (Groundball, P, EV 86.9 MPH)
|
|
Batting: SHB Craig Smajstrla
|
0-0: Called Strike 0-1: Ball 1-1: Foul Ball, location: 2F 1-2: Ball 2-2: Ball 3-2: Foul Ball, location: 2F 3-2: Fly out, F8 (Line Drive, 8LD, EV 92.5 MPH)
|
|
Batting: RHB Gregory Norman
|
0-0: Called Strike 0-1: Ball 1-1: Ball 2-1: Ball 3-1: Ground out 1-3 (Groundball, 34S, EV 69.4 MPH)
|
| Top of the 1st over - 0 runs, 0 hits, 0 errors, 0 left on base; Sioux Falls 0 - St. Cloud 0 |
| BOTTOM OF THE 1ST |
|
St. Cloud Rox batting - Pitching for Sioux Falls Packers : LHP Jose Perez
|
|
Pitching: LHP Jose Perez
|
|
|
Batting: LHB Doran Perdue
|
0-0: Foul Ball, location: 2F 0-1: Ball 1-1: DOUBLE (Line Drive, 89D, EV 109.4 MPH)
|
|
Batting: RHB Douglas Morganti
|
0-0: Ball 1-0: Ball 2-0: Ball 3-0: Called Strike 3-1: Fly out, F8 (Flyball, 8RD, EV 98.8 MPH) Runner from 2nd tags up, SAFE at 3rd with throw by CF
|
|
Batting: SHB R J Reynolds
|
0-0: Ball 1-0: Ground out 4-3 (Groundball, 4, EV 90.6 MPH) Doran Perdue scores
|
|
Batting: RHB Domingos Maravilhas
|
0-0: Fly out, F9 (Flyball, 9LM, EV 91.9 MPH)
|
| Bottom of the 1st over - 1 run, 1 hit, 0 errors, 0 left on base; Sioux Falls 0 - St. Cloud 1 |
| TOP OF THE 2ND |
|
Sioux Falls Packers batting - Pitching for St. Cloud Rox : RHP Marcos Cortez
|
|
Batting: RHB Bill Lindsey
|
0-0: Ball 1-0: Fly out, F9 (Flyball, 9LM, EV 87.5 MPH)
|
|
Batting: LHB Randy Salava
|
0-0: Fly out, F9 (Line Drive, 9, EV 96.3 MPH)
|
|
Batting: RHB Danny Huffstickler
|
0-0: Ball 1-0: Ball 2-0: Foul Ball, location: 2F 2-1: Ground out 4-3 (Groundball, 4, EV 110.0 MPH)
|
| Top of the 2nd over - 0 runs, 0 hits, 0 errors, 0 left on base; Sioux Falls 0 - St. Cloud 1 |
| BOTTOM OF THE 2ND |
|
St. Cloud Rox batting - Pitching for Sioux Falls Packers : LHP Jose Perez
|
|
Batting: RHB Ron Gardenhire
|
0-0: Ball 1-0: SINGLE (Groundball, 6MS, EV 75.0 MPH) (infield hit)
|
|
Batting: RHB Rich Velasquez
|
0-0: Swinging Strike 0-1: Ball 1-1: Foul Ball, location: 2F 1-2: Ball 2-2: Fielders Choice at 2nd, 5-4 (Groundball, 56, EV 81.9 MPH)
|
|
Batting: RHB Dennis Sherrill
|
0-0: Ball 1-0: Ball 2-0: Fielders Choice at 2nd, 1-6 (Groundball, 13S, EV 73.1 MPH)
|
|
Batting: SHB Manny Galvez
|
0-0: Called Strike Dennis Sherrill steals 2nd base 0-1: Foul Ball, location: 2F 0-2: Foul Ball, location: 2F 0-2: Ball 1-2: Ball 2-2: Foul Ball, location: 2F 2-2: Fly out, F8 (Flyball, 78S, EV 81.9 MPH)
|
| Bottom of the 2nd over - 0 runs, 1 hit, 0 errors, 1 left on base; Sioux Falls 0 - St. Cloud 1 |
| TOP OF THE 3RD |
|
Sioux Falls Packers batting - Pitching for St. Cloud Rox : RHP Marcos Cortez
|
|
Batting: LHB Michael Robbins
|
0-0: Ball 1-0: Ball 2-0: Ball 3-0: Foul Ball, location: 2F 3-1: Foul Ball, location: 2F 3-2: SOLO HOME RUN (Flyball, 7LD, EV 105.6 MPH), Distance : 362 ft
|
|
Batting: RHB Javier Flores
|
0-0: Ground out 1-3 (Groundball, 34S, EV 69.4 MPH)
|
|
Batting: RHB Francisco Perez
|
0-0: Ball 1-0: Ball 2-0: Ball 3-0: Called Strike 3-1: Foul Ball, location: 2F 3-2: Strikes out swinging
|
|
Batting: LHB Reggie West
|
0-0: Swinging Strike 0-1: Ball 1-1: Foul Ball, location: 2F 1-2: Foul Ball, location: 2F 1-2: Ball 2-2: Ground out 4-3 (Groundball, 4MD, EV 100.6 MPH)
|
| Top of the 3rd over - 1 run, 1 hit, 0 errors, 0 left on base; Sioux Falls 1 - St. Cloud 1 |
| BOTTOM OF THE 3RD |
|
St. Cloud Rox batting - Pitching for Sioux Falls Packers : LHP Jose Perez
|
|
Batting: RHB Butch Benton
|
0-0: SINGLE (Line Drive, 34D, EV 94.4 MPH)
|
|
Batting: LHB Doran Perdue
|
0-0: Ball 1-0: Foul Ball, location: 2F 1-1: Foul Ball, location: 2F 1-2: Ball 2-2: SINGLE (Line Drive, 7S, EV 98.8 MPH) Butch Benton to second
|
|
Batting: RHB Douglas Morganti
|
0-0: Called Strike 0-1: Swinging Strike 0-2: Ball 1-2: Grounds into double play, 5-4-3 (Groundball, 56, EV 76.9 MPH) Butch Benton to third
|
|
Batting: SHB R J Reynolds
|
0-0: Called Strike 0-1: SINGLE (Line Drive, 4, EV 63.8 MPH) (infield hit) Butch Benton scores
|
|
Batting: RHB Domingos Maravilhas
|
0-0: Ball R J Reynolds is caught stealing 2nd base 2-4
|
| Bottom of the 3rd over - 1 run, 3 hits, 0 errors, 0 left on base; Sioux Falls 1 - St. Cloud 2 |
| TOP OF THE 4TH |
|
Sioux Falls Packers batting - Pitching for St. Cloud Rox : RHP Marcos Cortez
|
|
Batting: SHB Craig Smajstrla
|
0-0: Ball 1-0: Bunted foul 1-1: Ball 2-1: Foul Ball, location: 2F 2-2: Ball 3-2: Foul Ball, location: 2F 3-2: Base on Balls
|
|
Batting: RHB Gregory Norman
|
0-0: Ball 1-0: Foul Ball, location: 2F 1-1: Foul Ball, location: 2F 1-2: Grounds into double play, U6-3 (Groundball, 4M, EV 108.8 MPH)
|
|
Batting: RHB Bill Lindsey
|
0-0: Foul Ball, location: 2F 0-1: Fly out, F9 (Flyball, 9D, EV 93.8 MPH)
|
| Top of the 4th over - 0 runs, 0 hits, 0 errors, 0 left on base; Sioux Falls 1 - St. Cloud 2 |
| BOTTOM OF THE 4TH |
|
St. Cloud Rox batting - Pitching for Sioux Falls Packers : LHP Jose Perez
|
|
Batting: RHB Domingos Maravilhas
|
0-0: Called Strike 0-1: Ball 1-1: Foul Ball, location: 2F 1-2: Foul Ball, location: 2F 1-2: Foul Ball, location: 2F 1-2: Ground out 4-3 (Groundball, 4MS, EV 67.5 MPH)
|
|
Batting: RHB Ron Gardenhire
|
0-0: Swinging Strike 0-1: Swinging Strike 0-2: Foul Ball, location: 2F 0-2: Strikes out swinging
|
|
Batting: RHB Rich Velasquez
|
0-0: Ball 1-0: Ball 2-0: Ball 3-0: Called Strike 3-1: Called Strike 3-2: SINGLE (Flyball, 8RS, EV 91.9 MPH)
|
|
Batting: RHB Dennis Sherrill
|
0-0: Ball 1-0: Ball 2-0: Called Strike 2-1: SINGLE (Groundball, 56S, EV 72.5 MPH) (infield hit) Rich Velasquez to second
|
|
Batting: SHB Manny Galvez
|
0-0: Called Strike 0-1: Fielders Choice at 2nd, 6-4 (Groundball, 6, EV 107.5 MPH)
|
| Bottom of the 4th over - 0 runs, 2 hits, 0 errors, 2 left on base; Sioux Falls 1 - St. Cloud 2 |
| TOP OF THE 5TH |
|
Sioux Falls Packers batting - Pitching for St. Cloud Rox : RHP Marcos Cortez
|
|
Batting: LHB Randy Salava
|
0-0: Foul Ball, location: 2F 0-1: Ball 1-1: Fly out, F8 (Flyball, 78D, EV 104.4 MPH)
|
|
Batting: RHB Danny Huffstickler
|
0-0: Ball 1-0: Ground out 5-3 (Groundball, 56S, EV 85.6 MPH)
|
|
Batting: LHB Michael Robbins
|
0-0: Ball 1-0: Swinging Strike 1-1: Foul Ball, location: 2F 1-2: Ball 2-2: SINGLE (Line Drive, 8LS, EV 90.6 MPH)
|
|
Batting: RHB Javier Flores
|
0-0: Called Strike 0-1: Ball 1-1: Ball 2-1: Foul Ball, location: 2F 2-2: Ball 3-2: Foul Ball, location: 2F 3-2: Base on Balls Michael Robbins to second
|
|
Batting: RHB Francisco Perez
|
0-0: Swinging Strike 0-1: Ball 1-1: Foul Ball, location: 2F 1-2: Ball 2-2: DOUBLE (Line Drive, 78XD, EV 108.8 MPH) Michael Robbins scores Javier Flores to third Runner from 3rd tries for Home, SAFE, no throw by LF
|
|
Batting: LHB Reggie West
|
0-0: Fly out, F5 (Line Drive, 5, EV 69.4 MPH)
|
| Top of the 5th over - 2 runs, 2 hits, 0 errors, 1 left on base; Sioux Falls 3 - St. Cloud 2 |
| BOTTOM OF THE 5TH |
|
St. Cloud Rox batting - Pitching for Sioux Falls Packers : LHP Jose Perez
|
|
Batting: RHB Butch Benton
|
0-0: Fly out, F8 (Flyball, 8RM, EV 97.5 MPH)
|
|
Batting: LHB Doran Perdue
|
0-0: Ball 1-0: Ball 2-0: Swinging Strike 2-1: Foul Ball, location: 2F 2-2: Ball 3-2: Foul Ball, location: 2F 3-2: SINGLE (Line Drive, 34D, EV 100.0 MPH)
|
|
Batting: RHB Douglas Morganti
|
0-0: Ball 1-0: Ball 2-0: Ball 3-0: Called Strike 3-1: Base on Balls Doran Perdue to second
|
|
Batting: SHB R J Reynolds
|
0-0: Fly out, F2 (Popup, 23F, EV 86.3 MPH)
|
|
Batting: RHB Domingos Maravilhas
|
0-0: Fly out, F3 (Popup, 3S, EV 81.9 MPH)
|
| Bottom of the 5th over - 0 runs, 1 hit, 0 errors, 2 left on base; Sioux Falls 3 - St. Cloud 2 |
| TOP OF THE 6TH |
|
Sioux Falls Packers batting - Pitching for St. Cloud Rox : RHP Marcos Cortez
|
|
Batting: SHB Craig Smajstrla
|
0-0: Ball 1-0: Ground out 4-3 (Groundball, 34, EV 90.6 MPH)
|
|
Batting: RHB Gregory Norman
|
0-0: Ground out 6-3 (Groundball, 4MD, EV 80.0 MPH)
|
|
Batting: RHB Bill Lindsey
|
0-0: Ball 1-0: Swinging Strike 1-1: Foul Ball, location: 2F 1-2: Fly out, F9 (Flyball, 9LM, EV 92.5 MPH)
|
| Top of the 6th over - 0 runs, 0 hits, 0 errors, 0 left on base; Sioux Falls 3 - St. Cloud 2 |
| BOTTOM OF THE 6TH |
|
St. Cloud Rox batting - Pitching for Sioux Falls Packers : LHP Jose Perez
|
|
Batting: RHB Ron Gardenhire
|
0-0: Fly out, F7 (Line Drive, 7D, EV 84.4 MPH)
|
|
Batting: RHB Rich Velasquez
|
0-0: Called Strike 0-1: Fly out, F8 (Flyball, 8RD, EV 96.9 MPH)
|
|
Batting: RHB Dennis Sherrill
|
0-0: Called Strike 0-1: Ball 1-1: Called Strike 1-2: Foul Ball, location: 2F 1-2: Ball 2-2: SINGLE (Line Drive, 4M, EV 95.0 MPH)
|
|
Batting: SHB Manny Galvez
|
0-0: Ball 1-0: Fielders Choice at 2nd, 5-4 (Groundball, 56, EV 106.3 MPH)
|
| Bottom of the 6th over - 0 runs, 1 hit, 0 errors, 1 left on base; Sioux Falls 3 - St. Cloud 2 |
| TOP OF THE 7TH |
|
Sioux Falls Packers batting - Pitching for St. Cloud Rox : RHP Marcos Cortez
|
|
Batting: LHB Randy Salava
|
0-0: Ball 1-0: Called Strike 1-1: Fly out, F8 (Line Drive, 8RD, EV 95.0 MPH)
|
|
Batting: RHB Danny Huffstickler
|
0-0: Ball 1-0: Ball 2-0: Ball 3-0: Called Strike 3-1: Foul Ball, location: 2F 3-2: Ground out 3-1 (Groundball, 34S, EV 87.5 MPH)
|
|
Batting: LHB Michael Robbins
|
0-0: Ball 1-0: Called Strike 1-1: Ball 2-1: Ball 3-1: Base on Balls
|
|
Pitching: RHP Scott Terry
|
|
|
Batting: RHB Javier Flores
|
0-0: Called Strike Michael Robbins is caught stealing 2nd base 2-4
|
| Top of the 7th over - 0 runs, 0 hits, 0 errors, 0 left on base; Sioux Falls 3 - St. Cloud 2 |
| BOTTOM OF THE 7TH |
|
St. Cloud Rox batting - Pitching for Sioux Falls Packers : LHP Jose Perez
|
|
Batting: RHB Butch Benton
|
0-0: Called Strike 0-1: Ball 1-1: Reached via error on a dropped throw from 3B, E3 (Groundball, 56, EV 85.0 MPH)
|
|
Batting: RHB Ron Gooch
|
0-0: Ball 1-0: Bunted foul 1-1: Ball 2-1: Bunted foul 2-2: Foul Ball, location: 2F 2-2: Ball 3-2: Strikes out swinging
|
|
Batting: RHB Douglas Morganti
|
0-0: Called Strike 0-1: SINGLE (Flyball, 89S, EV 100.0 MPH) Butch Benton to second Runner from 2nd tries for 3rd, SAFE, throw by RF made to third
|
|
Batting: SHB R J Reynolds
|
0-0: Ball 1-0: Ball 2-0: Ball 3-0: Called Strike 3-1: Foul Ball, location: 2F 3-2: SINGLE (Line Drive, 4D, EV 103.8 MPH) Butch Benton scores Douglas Morganti to second Runner from 2nd tries for 3rd, SAFE, no throw by RF
|
|
Batting: RHB Domingos Maravilhas
|
0-0: Ball 1-0: Swinging Strike 1-1: Called Strike 1-2: Foul Ball, location: 2F 1-2: Fielders Choice at 2nd, 6-4 (Groundball, 6, EV 88.1 MPH) Douglas Morganti scores
|
|
Batting: RHB Ron Gardenhire
|
0-0: Fielders Choice at 2nd, 5-4 (Groundball, 56, EV 86.9 MPH)
|
| Bottom of the 7th over - 2 runs, 2 hits, 1 error, 1 left on base; Sioux Falls 3 - St. Cloud 4 |
| TOP OF THE 8TH |
|
Sioux Falls Packers batting - Pitching for St. Cloud Rox : RHP Scott Terry
|
|
Batting: RHB Javier Flores
|
0-0: Fly out, F8 (Flyball, 8LD, EV 88.1 MPH)
|
|
Batting: RHB Francisco Perez
|
0-0: Ground out 4-3 (Groundball, 34D, EV 101.3 MPH)
|
|
Batting: LHB Reggie West
|
0-0: Called Strike 0-1: Called Strike 0-2: Ball 1-2: Foul Ball, location: 2F 1-2: Ground out 1-6-3 (Groundball, 15S, EV 104.4 MPH)
|
| Top of the 8th over - 0 runs, 0 hits, 0 errors, 0 left on base; Sioux Falls 3 - St. Cloud 4 |
| BOTTOM OF THE 8TH |
|
St. Cloud Rox batting - Pitching for Sioux Falls Packers : LHP Jose Perez
|
|
Batting: RHB Rich Velasquez
|
0-0: Ball 1-0: Called Strike 1-1: Ball 2-1: Ball 3-1: Base on Balls
|
|
Batting: RHB Dennis Sherrill
|
0-0: Bunt missed! 0-1: Ball 1-1: Sac Bunt to 25 - play at first, batter OUT! 5-4 Rich Velasquez to second
|
|
Batting: SHB Manny Galvez
|
0-0: Called Strike 0-1: Ground out 5-3 (Groundball, 5, EV 98.1 MPH)
|
|
Batting: RHB Butch Benton
|
0-0: Ball 1-0: Called Strike 1-1: Foul Ball, location: 2F 1-2: Ball 2-2: Strikes out swinging
|
| Bottom of the 8th over - 0 runs, 0 hits, 0 errors, 1 left on base; Sioux Falls 3 - St. Cloud 4 |
| TOP OF THE 9TH |
|
Sioux Falls Packers batting - Pitching for St. Cloud Rox : RHP Scott Terry
|
|
Pitching: RHP Mitch Zwolensky
|
|
|
Batting: SHB Craig Smajstrla
|
0-0: Called Strike 0-1: Ball 1-1: Ball 2-1: Ball 3-1: Fly out, F7 (Flyball, 7, EV 95.6 MPH)
|
|
Batting: RHB Gregory Norman
|
0-0: Called Strike 0-1: Ball 1-1: Ball 2-1: DOUBLE (Line Drive, 3D, EV 95.6 MPH)
|
|
Batting: RHB Bill Lindsey
|
0-0: SINGLE (Groundball, 15S, EV 73.8 MPH) (infield hit) Gregory Norman to third
|
|
Batting: LHB Randy Salava
|
0-0: Ball 1-0: Single, Error in OF, E9, batter to second base (Groundball, 3, EV 94.4 MPH) Gregory Norman scores Bill Lindsey to third
|
|
Batting: RHB Danny Huffstickler
|
0-0: Foul Ball, location: 2F 0-1: Swinging Strike 0-2: Strikes out swinging
|
|
Batting: LHB Michael Robbins
|
0-0: Intentional Walk
|
|
Batting: RHB Javier Flores
|
0-0: Ball Wild Pitch! Bill Lindsey scores Randy Salava to third Michael Robbins to second 1-0: Intentional Walk
|
|
Batting: RHB Francisco Perez
|
0-0: Called Strike 0-1: Ball 1-1: Swinging Strike 1-2: Foul Ball, location: 2F 1-2: Foul Ball, location: 2F 1-2: Ground out U3 (Groundball, 34S, EV 93.1 MPH)
|
| Top of the 9th over - 2 runs, 3 hits, 1 error, 3 left on base; Sioux Falls 5 - St. Cloud 4 |
| BOTTOM OF THE 9TH |
|
St. Cloud Rox batting - Pitching for Sioux Falls Packers : LHP Jose Perez
|
|
Pitching: RHP Robert Allen
|
|
|
Now at 1B: Kenneth Clayton
|
|
|
Batting: LHB Tim Flannery
|
0-0: Ball 1-0: Fly out, F8 (Flyball, 8LM, EV 90.6 MPH)
|
|
Pinch Hitting: LHB Curtis Morgan
|
0-0: Called Strike 0-1: Called Strike 0-2: Foul Ball, location: 2F 0-2: Ball 1-2: Ground out 4-3 (Groundball, 4M, EV 80.6 MPH)
|
|
Batting: SHB R J Reynolds
|
0-0: Ball 1-0: Ground out 4-3 (Groundball, 4, EV 89.4 MPH)
|
| Bottom of the 9th over - 0 runs, 0 hits, 0 errors, 0 left on base; Sioux Falls 5 - St. Cloud 4 |
|